 Dungeon Crawl Stone Soup version 0.31.0-9-g3a7656b989 (webtiles) character file.

Game seed: 3294162464287904978

49 qw the Shooter (level 3, 0/18 HPs)
             Began as a Spriggan Hunter on Feb 2, 2024.
             Succumbed to an adder's poison
             ... on level 2 of the Dungeon.
             The game lasted 00:00:02 (832 turns).

qw the Shooter (Spriggan Hunter)                     Turns: 832, Time: 00:00:02

Health: 0/18       AC:  2    Str:  7    XL:     3   Next: 51%
Magic:  4/4        EV: 19    Int: 10    God:
Gold:   59         SH:  0    Dex: 20    Spells: 2/2 levels left

rFire   . . .        a - +0 shortbow
rCold   . . .        (shield currently unavailable)
rNeg    . . .        c - +0 robe
rPois   .            (helmet restricted)
rElec   .            (no cloak)
rCorr   .            (gloves unavailable)
SInv    +            (boots unavailable)
Will    .....        (no amulet)
Stlth   ++           (no ring)
HPRegen 0.23/turn    (no ring)
MPRegen 0.09/turn

%: no passive effects
@: lethally poisoned (0 -> -5), very quick
A: very small, no large weapons, unfitting armour, see invisible, speed 3
a: no special abilities


You were on level 2 of the Dungeon.
You visited 1 branch of the dungeon, and saw 2 of its levels.

You collected 59 gold pieces.


Innate Abilities, Weirdness & Mutations

You are very small and have problems with some larger weapons.
You are too small for most types of armour.
You have supernaturally acute eyesight. (SInv)
You cover ground extremely quickly. (Speed+++)


   Skills:
 - Level 1.5 Fighting
 + Level 4.6 Ranged Weapons
 - Level 4.3 Dodging
 - Level 1.5 Stealth


You had 2 spell levels left.
You didn't know any spells.
Your spell library was empty.

Inventory:

Hand Weapons
 a - a +0 shortbow (weapon)
Armour
 c - a +0 robe (worn)
Jewellery
 d - a ring of ice
Potions
 f - a potion of curing {unknown}

Dungeon Overview and Level Annotations

Branches:
Dungeon (2/15)

Altars:


Message History

The arrow hits the ribbon worm but does no damage.
The ribbon worm is lightly wounded.
The adder hisses angrily.
The ribbon worm bites you. The endoplasm freezes you.
You are frozen.
You shoot an arrow. The arrow hits the ribbon worm.
The ribbon worm is moderately wounded.
The endoplasm barely misses you. The ribbon worm barely misses you.
You shoot an arrow. The arrow hits the ribbon worm!
The ribbon worm is almost dead.
The endoplasm closely misses you.
The ribbon worm expels a string of sticky webbing.
The stream of webbing hits you but does no damage.
You are caught in a web!
You struggle to detach yourself from the web.
The endoplasm freezes you.
You are frozen.
The ribbon worm closely misses you.
The web tears apart.
The adder barely misses you. The endoplasm hits you. The adder misses you.
You shoot an arrow.
The arrow hits the ribbon worm but does no damage.
The ribbon worm is severely wounded.
The endoplasm barely misses you. The ribbon worm barely misses you.
The adder bites you but does no damage.
You shoot an arrow. The arrow hits the ribbon worm.
The ribbon worm is almost dead.
The adder completely misses you. The endoplasm hits you.
The ribbon worm expels a string of sticky webbing.
The stream of webbing hits you but does no damage.
You are caught in a web!
The adder bites you.
You are poisoned.
The adder poisons you!
The web tears apart.
You feel sick. The endoplasm freezes you.
You are frozen.
The ribbon worm closely misses you. The adder misses you.
You shoot an arrow. The arrow hits the ribbon worm.
You kill the ribbon worm!
You die...

### #......#
#####).....### ..#
........##...# ...#
........####.#######...#
...%................[...
.....#######.###........
.....# #..##.......?
.....# ##.##.S......
.....# #..%@J......
###### #####%......
....... ....... .......
....... ....... .......


You could see an adder and an endoplasm.

Vanquished Creatures
  2 adders (D:2)
  A gnoll (D:1)
  A dart slug (D:1)
  A ribbon worm (D:2)
  2 endoplasms (D:1)
  A giant cockroach (D:1)
  3 goblins (D:2)
  2 hobgoblins
  A kobold (D:1)
  3 ball pythons
  2 frilled lizards
  A rat (D:1)
20 creatures vanquished.

Notes
Turn   | Place    | Note
-------+----------+-------------------------------------------
     0 | D:1      | qw the Spriggan Hunter began the quest for the Orb.
     0 | D:1      | Reached XP level 1. HP: 10/10 MP: 2/2
     0 | D:1      | 0 ||| qw: Version: 0.3-a-155-g5e7d8dd
     0 | D:1      | 0 ||| qw: Game counter: 594
     0 | D:1      | 0 ||| qw: Melee chars always use a shield: true
     0 | D:1      | 0 ||| qw: God list: Okawaru
     0 | D:1      | 0 ||| qw: Allow faded altars: false
     0 | D:1      | 0 ||| qw: Do Orc after clearing Dungeon:15 true
     0 | D:1      | 0 ||| qw: Do second Lair branch before Depths: true
     0 | D:1      | 0 ||| qw: Lair rune preference: random
     0 | D:1      | 0 ||| qw: Goals: Normal
     0 | D:1      | 0 ||| PLANNING D:1-11
    23 | D:1      | Reached skill level 3 in Dodging
   181 | D:1      | Reached XP level 2. HP: 14/14 MP: 3/3
   702 | D:1      | 702 ||| DROPPING ring of flight.
   703 | D:1      | 703 ||| READING scroll labelled YCRAYMUOMN.
   704 | D:1      | 704 ||| DROPPING scroll of butterflies.
   777 | D:2      | Reached XP level 3. HP: 18/18 MP: 4/4
   831 | D:2      | HP: 1/18 [frozen (5)]
   832 | D:2      | Succumbed to an adder's poison

Levels and vault maps discovered:
D:1:      ncdulo_halloftheorcs, layout_basic
D:2:      layout_basic, basic_altar, interstate_on_off,
          hangedman_abyss_or_decor_lesser_grid, uniq_terence

Skill      XL: |  1  2 |
---------------+-------+-----
Dodging        | 3 4 |  4.3
Fighting       | |  1.5
Ranged Weapons | |  4.6
Stealth        | |  1.5

Action                     || total
---------------------------++-------
   Fire: Shortbow          ||    57
    Use: Scroll            ||     1
 Armour: Robe              ||     7
  Dodge: Dodged            ||    18

Table legend:
 A = Non-vault XP
 B = Vault XP
 C = Vault XP percentage of total XP
 D = Non-vault monster count
 E = Vault monster count
 F = Vault count percentage of total count
                 A         B        C        D         E       F
            +---------+---------+-------+---------+---------+-------
      Total |      74 |       0 |   0.0 |      20 |       0 |   0.0
            +---------+---------+-------+---------+---------+-------
        D:1 |      33 |       0 |   0.0 |      11 |       0 |   0.0
        D:2 |      41 |       0 |   0.0 |       9 |       0 |   0.0
            +---------+---------+-------+---------+---------+-------
